 Dungeon Crawl Stone Soup version 0.25-a0-513-ge77a69270c (webtiles) character file.

Game seed: 11954106094861312055, levelgen mode: deterministic

153 Notrik the Skirmisher (level 5, -1/47 HPs)
             Began as a Hill Orc Fighter on Feb 16, 2020.
             Slain by an adder (2 damage)
             ... on level 3 of the Dungeon.
             The game lasted 00:02:29 (1613 turns).

Notrik the Skirmisher (Hill Orc Fighter)            Turns: 1613, Time: 00:02:30

Health: -1/47      AC:  9    Str: 20    XL:     5   Next: 35%
Magic:  5/5        EV:  7    Int:  8    God:
Gold:   110        SH:  9    Dex: 10    Spells: 4/4 levels left

rFire    . . .     SeeInvis .   a - +0 war axe
rCold    . . .     Gourm    .   c - +0 kite shield
rNeg     . . .     Faith    .   b - +0 scale mail
rPois    .         Spirit   .   l - +1 helmet
rElec    .         Reflect  .   (no cloak)
rCorr    .         Harm     .   (no gloves)
MR       .....                  (no boots)
Stlth    ..........             (no amulet)
HPRegen  0.15/turn              (no ring)
MPRegen  0.09/turn              (no ring)

@: lethally poisoned (-1 -> -4)
A: no striking features
a: Convert to Beogh


You were on level 3 of the Dungeon.
You were not hungry.

You visited 1 branch of the dungeon, and saw 3 of its levels.

You collected 110 gold pieces.

Inventory:

Hand Weapons
 a - a +0 war axe (weapon)
Armour
 b - a +0 scale mail (worn)
 c - a +0 kite shield (worn)
 l - a +1 helmet (worn)
   (You found it on level 1 of the Dungeon)
Scrolls
 f - a scroll of fear {unknown}
 g - a scroll of teleportation {unknown}
 h - 2 scrolls of immolation {unknown}
 j - a scroll of remove curse {unknown}
 p - a scroll of identify {unknown}
Potions
 d - a potion of might
 i - 2 potions of haste {unknown}
 k - a potion of flight {unknown}
 m - a potion of curing {unknown}
 n - 2 potions of mutation {unknown}
Comestibles
 e - 4 rations {!d}
 o - 9 chunks of flesh


   Skills:
 + Level 4.6 Fighting
 + Level 4.2 Axes
 + Level 4.3 Armour
 + Level 4.2 Shields


You had 4 spell levels left.
You didn't know any spells.
Your spell library was empty.

Dungeon Overview and Level Annotations

Branches:
Dungeon (3/15)

Altars:
Dithmenos

Annotations:
D:3 Ijyb


Message History

The orc wizard points at you and mumbles some strange words.
The puff of flame hits you.
The hobgoblin hits you but does no damage.
You closely miss the orc priest. You closely miss the hobgoblin.
The orc priest calls down the wrath of Beogh upon you.
Beogh smites you!
* * * LOW HITPOINT WARNING * * *
The hobgoblin barely misses you.
You are too injured to fight recklessly!
You are too injured to fight recklessly!
You are too injured to fight recklessly!
You are too injured to fight recklessly!
Your shield and scale mail prevent you from hitting the orc priest.
You barely miss the orc. You hit the hobgoblin.
You kill the hobgoblin!
The orc hits you with a +0 hand axe.
* * * LOW HITPOINT WARNING * * *
The orc priest hits you with a +0 short sword.
* * * LOW HITPOINT WARNING * * *
The rat twitches its whiskers.
The adder bites you but does no damage.
You hit the orc priest. You barely miss the adder.
You hit the orc but do no damage. The orc barely misses you.
The orc priest calls down the wrath of Beogh upon you.
Pain shoots through your body!
* * * LOW HITPOINT WARNING * * *
You block the adder's attack.
A jackal comes into view.
The orc wizard mumbles some strange words.
The orc wizard flickers and vanishes!
Deactivating autopickup; reactivate with Ctrl-A.
The orc priest closely misses you. The orc hits you but does no damage.
The adder bites you but does no damage.
The jackal moves out of view.
You barely miss the orc priest. You closely miss the orc.
You closely miss the adder. The adder bites you.
* * * LOW HITPOINT WARNING * * *
You are lethally poisoned!
The adder poisons you! The orc priest barely misses you.
You block the orc's attack.
You slash the orc priest! You closely miss the adder. You slash the orc!
You kill the orc!
* * * LOW HITPOINT WARNING * * *
You feel sick.
A jackal comes into view.
You block the adder's attack.
The orc priest shouts, "Join the one true god or die!"
The orc priest hits you but does no damage.
The orc wizard looks encouraged for a moment.
The adder bites you.
You die...

$.. ...............).(
... ............##... .o
................. #
................... #.
.#...######..###.. ..
.?. ............ ..##o
#.# #........#.#
....or##)####........#.#
..h.{ro@................
#.#.#hS.................
#...##....#...........
##.. ##...#.......>...
#. #...#........... ##
#...#...........
#...#...........
#!..#########... #...
#...


You could see an orc priest, an orc wizard, an adder, an orc, 2 jackals and 2
rats.

Vanquished Creatures
  A jelly (D:3)
  An orc priest (D:3)
  Terence (D:2)
  A gnoll (D:2)
  2 oozes
  A dart slug (D:1)
  2 leopard geckos
  2 orcs (D:3)
  5 bats
  2 giant cockroaches (D:2)
  4 goblins
  4 hobgoblins
  6 jackals (D:2)
  2 quokkas (D:2)
  A frilled lizard (D:1)
  5 kobolds
  7 rats
47 creatures vanquished.

Notes
Turn   | Place    | Note
-------+----------+-------------------------------------------
     0 | D:1      | Notrik the Hill Orc Fighter began the quest for the Orb.
     0 | D:1      | Reached XP level 1. HP: 19/19 MP: 1/1
   201 | D:1      | Reached XP level 2. HP: 26/27 MP: 2/2
   723 | D:2      | Reached XP level 3. HP: 33/33 MP: 3/3
   835 | D:2      | Noticed Terence
   840 | D:2      | Killed Terence
   858 | D:2      | Reached XP level 4. HP: 40/40 MP: 4/4
   926 | D:2      | Found a shadowy altar of Dithmenos.
  1031 | D:2      | Found a faded altar of an unknown god.
  1243 | D:3      | Noticed Ijyb
  1524 | D:3      | Reached XP level 5. HP: 47/47 MP: 5/5
  1612 | D:3      | HP: 2/47 [adder (3)]
  1613 | D:3      | Slain by an adder

Levels and vault maps discovered:
D:1:      nzn_arrival_crosshair, layout_loops_ring,
          chequers_serial_rivers_room_a
D:2:      layout_basic, nicolae_overflow_crystal_walls,
          chequers_ecumenical_altar_simple_redux, uniq_terence
D:3:      layout_rooms, lightli_temple_of_fire, first_ration, elyvilon_altar_5,
          uniq_ijyb

Skill      XL: |  1  2  3  4 |
---------------+-------------+-----
Axes           | 3 4 |  4.2
Fighting       | 4 |  4.6
Armour         | 4 |  4.3
Shields        | 4 |  4.2

Action                   |  1- 3 |  4- 6 || total
-------------------------+-------+-------++-------
Melee: War axe           |   102 |    46 ||   148
  Eat: Chunk             |       |     3 ||     3
Armor: Scale mail        |    52 |    33 ||    85
Dodge: Dodged            |    50 |    27 ||    77
Block: Kite shield       |    51 |    31 ||    82

Table legend:
 A = Non-vault XP
 B = Vault XP
 C = Vault XP percentage of total XP
 D = Non-vault monster count
 E = Vault monster count
 F = Vault count percentage of total count
                 A         B        C        D         E       F
            +---------+---------+-------+---------+---------+-------
      Total |     187 |      32 |  14.6 |      46 |       1 |   2.1
            +---------+---------+-------+---------+---------+-------
        D:1 |      22 |       0 |   0.0 |      13 |       0 |   0.0
        D:2 |      60 |      32 |  34.8 |      23 |       1 |   4.2
        D:3 |     105 |       0 |   0.0 |      10 |       0 |   0.0
            +---------+---------+-------+---------+---------+-------
